 Dungeon Crawl Stone Soup version 0.23-a0-14-g8c9a20f (webtiles) character file.

12348 galech the Spear-Bearer (level 11, -13/97 HPs)
             Began as a Minotaur Fighter on Aug 2, 2018.
             Was a High Priest of Makhleb.
             Hit by a poisoned javelin thrown by a minotaur (30 damage)
             ... in a labyrinth.
             The game lasted 00:23:23 (10191 turns).

galech the Spear-Bearer (Minotaur Fighter)         Turns: 10191, Time: 00:23:24

Health: -13/97     AC: 12    Str: 21    XL:     11   Next: 61%
Magic:  12/12      EV: 12    Int:  5    God:    Makhleb [*****.]
Gold:   1224       SH: 12    Dex: 13    Spells: 10/10 levels left

rFire    + . .     SeeInvis .   b - +8 spear of Uremn {flame, rN+}
rCold    + . .     Gourm    .   c - +0 shield
rNeg     + + .     Faith    .   L - +4 ring mail {rF+}
rPois    .         Spirit   .   (helmet restricted)
rElec    .         Reflect  .   (no cloak)
rCorr    .         Harm     .   (no gloves)
MR       .....                  F - +0 pair of boots
Stlth    ++........             l - amulet of regeneration
HPRegen  0.66/turn              P - ring of positive energy
MPRegen  0.13/turn              J - ring of protection from cold

@: no status effects
A: retaliatory headbutt, horns 2
a: Minor Destruction, Lesser Servant of Makhleb, Major Destruction, Greater
Servant of Makhleb, Renounce Religion


You were in a labyrinth.
You worshipped Makhleb.
Makhleb was extremely pleased with you.
You were not hungry.

You visited 2 branches of the dungeon, and saw 12 of its levels.
You also visited: Labyrinth.

You collected 1224 gold pieces.

Inventory:

Hand Weapons
 a - a +0 war axe
 b - the +8 spear of Uremn (weapon) {flame, rN+}
   (You found it on level 6 of the Dungeon)

   It has been specially enchanted to burn those struck by it, causing extra
   injury to most foes and up to half again as much damage against particularly
   susceptible opponents.
   It protects you from negative energy.
Armour
 c - a +0 shield (worn)
 E - a +0 ring mail of positive energy
 F - a +0 pair of boots (worn)
 H - the +2 scale mail "Orrue" {rElec}
   (You found it on level 6 of the Dungeon)

   It insulates you from electricity.
 L - a +4 ring mail of fire resistance (worn)
Jewellery
 l - an amulet of regeneration (around neck)
 x - a cursed amulet of inaccuracy {unknown}
 y - an uncursed ring of protection from magic
 z - an uncursed amulet of magic regeneration {unknown}
 C - an uncursed amulet of guardian spirit {unknown}
 G - an uncursed ring of stealth
 J - a ring of protection from cold (right hand)
 O - an uncursed ring of ice {unknown}
 P - a ring of positive energy (left hand)
Wands
 g - a wand of polymorph (44)
 h - a wand of iceblast (15)
 I - a wand of disintegration (15)
 M - a wand of flame (31)
 U - a wand of acid (5)
 V - a wand of enslavement (11)
Scrolls
 e - 4 scrolls of enchant armour
 k - 4 scrolls of enchant weapon
 m - 2 scrolls of fear
 q - 8 scrolls of teleportation
 r - 2 scrolls of remove curse
 s - 2 scrolls of noise {unknown}
 t - 3 scrolls of fog
 A - 3 scrolls of amnesia
 D - 2 scrolls of magic mapping
 N - a scroll of brand weapon {unknown}
 Q - a scroll of identify
 T - a scroll of holy word {unknown}
Potions
 d - a potion of might
 i - 5 potions of heal wounds {unknown}
 j - 7 potions of curing {unknown}
 n - 3 potions of berserk rage {unknown}
 o - a potion of magic {unknown}
 p - 2 potions of brilliance {unknown}
 u - 2 potions of agility {unknown}
 v - 2 potions of lignification {unknown}
 w - 2 potions of degeneration {unknown}
 B - 2 potions of haste {unknown}
 K - a potion of flight {unknown}
 R - a potion of ambrosia {unknown}
 S - a potion of mutation {unknown}
Comestibles
 f - 25 rations


   Skills:
 + Level 9.1 Fighting
 - Level 9.8(11.6) Axes
 + Level 10.3(11.8) Polearms
 + Level 9.6 Armour
 - Level 4.4 Dodging
 - Level 3.7 Stealth
 + Level 9.8 Shields
 - Level 0.7 Unarmed Combat
 + Level 3.2 Invocations


You had 10 spell levels left.
You didn't know any spells.
Your spell library contained the following spells:

 Spells                   Type           Power        Failure   Level  Hunger
 Magic Dart               Conj           #...         83%         1    ##.....
 Apportation              Tloc           #.....       83%         1    ##.....
 Conjure Flame            Conj/Fire      #.......     99%         3    ####...
 Slow                     Hex            #.......     93%         2    ###....
 Mephitic Cloud           Conj/Pois/Air  #.......     99%         3    ####...
 Summon Small Mammal      Summ           #...         83%         1    ##.....
 Blink                    Tloc           N/A          93%         2    ###....
 Animate Skeleton         Necr           N/A          83%         1    ##.....
 Call Imp                 Summ           #.......     93%         2    ###....
 Confusing Touch          Hex            #.....       83%         1    ##.....


Dungeon Overview and Level Annotations

Branches:
Dungeon (10/15)            Temple (0/1) D:5             Orc (2/2) D:10
    Elf (0/3) Orc:2
   Lair: D:8-11

Altars:
Ashenzari
Cheibriados
Hepliaklqana
Makhleb
Nemelex Xobeh
Okawaru
Ru
Sif Muna
Trog
Uskayaw
Vehumet
Yredelemnul
Zin
The Shining One
Beogh


Innate Abilities, Weirdness & Mutations

You reflexively headbutt those who attack you in melee.
You have a pair of horns on your head.


Message History

You are too injured to fight recklessly!
You are too injured to fight recklessly!
A demon appears!
It doesn't seem very happy.
The minotaur hits you with a pitted long sword {pain}!
* * * LOW HITPOINT WARNING * * *
You writhe in agony.
* * * LOW HITPOINT WARNING * * *
You block the minotaur's attack.
There is an open door here.
You see here a poisoned javelin.
The minotaur throws a poisoned javelin.
You block the poisoned javelin.
You see here a poisoned javelin.
The minotaur throws a poisoned javelin.
The poisoned javelin misses you.
The minotaur throws a poisoned javelin.
The poisoned javelin barely misses you.
You see here a poisoned javelin.
Okay, then.
Okay, then.
The minotaur throws a poisoned javelin.
The poisoned javelin hits you!!
You die...

# ##### # # # .
.. . . #.....#
### # ## #
##### . ..#
.#.#. ... . . .
## #.#.###. ##.
# ### # #
..#.#.#.....
#.###.###.### #
#.#.....#...#.#
#.#.....@...# #
#.H.#######...#
###(###.#
≈≈#.#.#
#..(.(#. .≈≈#.
.. ###.#((.H.<≈
...### .. #.#
#2≈≈#.. . .
#####.#.# ≈≈###
#### ..### #
##..


You could see a minotaur.

Vanquished Creatures
  Harold (D:7)
  2 two-headed ogres (D:10)
  An orc sorcerer (Orc:1)
  Joseph (D:7)
  Prince Ribbit (D:7)
  2 trolls
  2 hornets
  6 hippogriffs
  The ghost of zkyp the Chopper, an amateur GrBe of Trog (D:4)
  A wyvern (D:9)
  2 hungry ghosts
  Menkaure (D:6)
  A soldier ant (D:8)
  9 orc warriors
  3 ice beasts (D:9)
  A sky beast (D:4)
  2 black bears
  A necrophage (D:9)
  7 centaurs
  4 phantoms
  A crocodile (D:10)
  6 ogres
  A big kobold (D:9)
  8 bullfrogs
  An earth elemental (Lab)
  2 scorpions
  6 killer bees (D:9)
  5 wights
  6 howler monkeys
  7 crimson imps
  A bullfrog zombie (D:8)
  A quasit (D:9)
  10 orc priests
  4 jellies
  8 hounds
  6 bullfrog skeletons
  2 centaur skeletons (D:9)
  2 iguanas
  Terence (D:3)
  Jessica (D:3)
  Natasha (thrice) (D:3)
  13 orc wizards
  9 worker ants
  6 ogre zombies (D:10)
  An ogre skeleton (Lab)
  2 hound zombies
  2 hound skeletons (D:8)
  A worker ant zombie (D:10)
  3 gnolls
  A howler monkey skeleton (D:6)
  10 adders
  2 shadow imps (D:5)
  An adder zombie (D:7)
  2 worms (D:2)
  A dart slug (D:2)
  8 leopard geckos
  38 orcs
  6 giant cockroaches
  2 gnoll zombies (D:5)
  3 goblins
  2 hobgoblins (D:2)
  19 jackals
  11 kobolds
  4 quokkas
  A ball python (D:1)
  7 bats
  3 frilled lizards
  A goblin skeleton (D:10)
  3 goblin zombies (D:10)
  A hobgoblin zombie (D:10)
  A leopard gecko skeleton (D:8)
  4 orc skeletons (D:10)
  10 orc zombies (D:10)
  A quokka skeleton (D:4)
  2 rats
312 creatures vanquished.

Vanquished Creatures (others)
  A wizard (D:5)
1 creature vanquished.

Grand Total: 313 creatures vanquished

Notes
Turn   | Place    | Note
-------+----------+-------------------------------------------
     0 | D:1      | galech the Minotaur Fighter began the quest for the Orb.
     0 | D:1      | Reached XP level 1. HP: 19/19 MP: 0/0
   181 | D:1      | Reached XP level 2. HP: 27/27 MP: 1/1
   633 | D:2      | Reached XP level 3. HP: 30/33 MP: 2/2
   671 | D:2      | Reached XP level 4. HP: 21/40 MP: 3/3
  1205 | D:3      | Noticed Jessica
  1209 | D:3      | Killed Jessica
  1209 | D:3      | Reached XP level 5. HP: 37/46 MP: 4/4
  1243 | D:3      | Noticed Terence
  1258 | D:3      | Killed Terence
  1258 | D:3      | Reached skill level 5 in Shields
  1323 | D:3      | Found an iron altar of Okawaru.
  1531 | D:3      | Noticed Natasha
  1536 | D:3      | Killed Natasha
  1536 | D:3      | Reached skill level 5 in Axes
  1673 | D:3      | Found a glowing golden altar of the Shining One.
  1681 | D:3      | Found a deep blue altar of Sif Muna.
  1751 | D:3      | Noticed Natasha
  1758 | D:3      | Killed Natasha
  1863 | D:3      | Found a sacrificial altar of Ru.
  1900 | D:3      | Noticed Natasha
  1910 | D:3      | Killed Natasha
  2027 | D:4      | Reached XP level 6. HP: 49/52 MP: 5/5
  2107 | D:4      | Reached skill level 1 in Dodging
  2201 | D:4      | Noticed a sky beast
  2212 | D:4      | Killed a sky beast
  2212 | D:4      | Reached skill level 5 in Armour
  2320 | D:4      | Reached XP level 7. HP: 29/60 MP: 6/6
  2449 | D:4      | Noticed zkyp's ghost (amateur GrBe)
  2450 | D:4      | Found a runed door.
  2903 | D:5      | Entered Level 5 of the Dungeon
  2907 | D:5      | Found a burning altar of Makhleb.
  2914 | D:5      | Reached skill level 1 in Stealth
  2922 | D:5      | Became a worshipper of Makhleb the Destroyer
  2964 | D:5      | Reached skill level 5 in Fighting
  3532 | D:5      | Found a basalt altar of Yredelemnul.
  3705 | D:5      | Found a staircase to the Ecumenical Temple.
  3786 | D:5      | Reached XP level 8. HP: 68/68 MP: 7/7
  3796 | D:5      | Reached * piety under Makhleb
  3858 | D:4      | Found a hazy altar of Hepliaklqana.
  3942 | D:5      | Found a bloodstained altar of Trog.
  3943 | D:5      | Noticed a wizard
  3948 | D:5      | Killed a wizard
  4306 | D:6      | Got a faintly glowing scale mail
  4317 | D:6      | Identified the +2 scale mail "Orrue" {rElec} (You found it on level 6 of the Dungeon)
  4409 | D:6      | Got a transparent spear
  4410 | D:6      | Identified the +8 spear of Uremn {flame, rN+} (You found it on level 6 of the Dungeon)
  4482 | D:6      | Noticed Menkaure
  4489 | D:6      | Killed Menkaure
  4523 | D:6      | Reached skill level 1 in Polearms
  4860 | D:4      | Killed zkyp's ghost
  4991 | D:7      | Noticed Harold
  5006 | D:7      | Killed Harold
  5006 | D:7      | Reached skill level 3 in Polearms
  5006 | D:7      | Reached XP level 9. HP: 60/75 MP: 8/8
  5226 | D:7      | Reached skill level 4 in Polearms
  5231 | D:7      | Noticed a troll
  5240 | D:7      | Killed a troll
  5290 | D:7      | Reached skill level 5 in Polearms
  5462 | D:7      | Found a radiant altar of Vehumet.
  5573 | D:7      | Reached ** piety under Makhleb
  5585 | D:7      | Noticed Joseph
  5597 | D:7      | Killed Joseph
  5597 | D:7      | Reached skill level 6 in Polearms
  5646 | D:7      | Noticed Prince Ribbit
  5654 | D:7      | Killed Prince Ribbit
  5702 | D:7      | Reached XP level 10. HP: 84/84 MP: 9/9
  6080 | D:8      | Reached skill level 7 in Polearms
  6232 | D:8      | Found a shattered altar of Ashenzari.
  6312 | D:8      | Found a hide-covered altar of Uskayaw.
  6391 | D:8      | Found a sparkling altar of Nemelex Xobeh.
  6507 | D:9      | Found a sacrificial altar of Ru.
  6651 | D:9      | Found a glowing silver altar of Zin.
  6658 | D:9      | Reached *** piety under Makhleb
  6720 | D:9      | Got an opal-encrusted ring mail
  6731 | D:9      | Identified the cursed +0 ring mail of Patterns {Dex+2} (You found it on level 9 of the Dungeon)
  7002 | D:9      | Reached skill level 8 in Polearms
  7009 | D:9      | Found a snail-covered altar of Cheibriados.
  7154 | D:9      | Reached skill level 9 in Polearms
  7449 | D:10     | Entered Level 10 of the Dungeon
  7510 | D:10     | Found a glowing silver altar of Zin.
  7524 | D:10     | Reached **** piety under Makhleb
  7563 | D:10     | Reached XP level 11. HP: 94/94 MP: 10/10
  7572 | D:10     | Found a staircase to the Orcish Mines.
  7766 | D:10     | Reached skill level 1 in Invocations
  7857 | D:10     | Noticed a two-headed ogre
  7869 | D:10     | Killed a two-headed ogre
  8340 | D:10     | Noticed a two-headed ogre
  8349 | D:10     | Killed a two-headed ogre
  8548 | Orc:1    | Entered Level 1 of the Orcish Mines
  8550 | Orc:1    | Reached ***** piety under Makhleb
  8550 | Orc:1    | Reached skill level 10 in Polearms
  8657 | Orc:1    | Found a roughly hewn altar of Beogh.
  8679 | Orc:1    | Noticed an orc sorcerer
  8688 | Orc:1    | Killed an orc sorcerer
  9037 | Orc:2    | Entered Level 2 of the Orcish Mines
  9095 | Orc:2    | Found a labyrinth entrance.
  9104 | Lab      | Entered a labyrinth
 10170 | Lab      | Noticed a minotaur
 10180 | Lab      | Noticed a blizzard demon
 10191 | Lab      | Hit by a poisoned javelin thrown by a minotaur

Vault maps used:
D:1:      dpeg_arrival_stonehenge_12_columns
D:3:      okawaru_metal_pillars_1_2, nicolae_ru_path_of_blood,
          amethyst_overflow_temple_binary, first_ration, uniq_jessica,
          uniq_terence, uniq_natasha
D:4:      nicolae_overflow_hidden_temple, hellmonk_ghost_happy_afterlife
D:5:      lemuel_zombie_altar_yredelemnul, makhleb_heckhound_becter,
          minmay_temple_entry_fiery, minivault_11, trog_wizard
D:6:      uniq_menkaure
D:7:      old_standard_altar, uniq_joseph, uniq_prince_ribbit1, uniq_harold
D:8:      lemuel_doored_altar, kennysheep_little_box,
          nemelex_xobeh_ov_fountains_minmay, hangedman_pestilent_swarm
D:9:      minmay_the_grid_octo_tiled_squarecenter, zin_academy, basic_altar,
          grunt_decor_resistance
D:10:     zombieorc1_lemuel, basic_altar
Orc:1:    basic_altar
Orc:2:    st_orc_rangers, lab_entry_generic
Lab:      labyrinth_watery, lab_fountain

Skill      XL: |  1  2  3  4  5  6  7  8  9 10 11 |
---------------+----------------------------------+-----
Shields        | 4 5 7 8 9 |  9.8
Axes           | 3 4 5 6 8 9 |  9.8
Armour         | 4 5 7 8 9 |  9.6
Fighting       | 4 5 6 8 9 |  9.1
Dodging        | 1 3 4 |  4.4
Stealth        | 1 3 |  3.7
Polearms       | 3 6 9 10 | 10.3
Invocations    | 3 |  3.2
Unarmed Combat | |  0.7

Action                   |  1- 3 |  4- 6 |  7- 9 | 10-12 || total
-------------------------+-------+-------+-------+-------++-------
Melee: War axe           |    56 |   108 |   156 |       ||   320
       Headbutt          |     9 |    25 |    40 |    89 ||   163
       Unarmed           |       |     8 |       |       ||     8
       Spear             |       |       |   102 |   528 ||   630
Invok: Greater Servant o |       |       |       |     1 ||     1
  Use: Scroll            |       |       |       |    10 ||    10
 Stab: Sleeping          |       |       |     2 |     8 ||    10
       Distracted        |       |       |       |     1 ||     1
  Eat: Chunk             |       |     5 |    13 |    12 ||    30
       Ration            |       |       |       |     1 ||     1
Armor: Scale mail        |    29 |    41 |    76 |       ||   146
       Ring mail         |       |       |     2 |    66 ||    68
Dodge: Dodged            |    24 |    34 |    55 |    84 ||   197
Block: Shield            |    31 |    43 |   109 |   134 ||   317

Table legend:
 A = Spawn XP
 B = Non-spawn XP
 C = Spawn XP percentage of total XP
 D = Spawn monster count
 E = Non-spawn monster count
 F = Spawn count percentage of total count
 G = Total turns spent on level
                    A         B        C        D         E        F      G
               +---------+---------+-------+---------+---------+-------+---------
         Total |       0 |   17640 |   0.0 |       0 |     312 |   0.0 | 10191
               +---------+---------+-------+---------+---------+-------+---------
           D:1 |       0 |      24 |   0.0 |       0 |      16 |   0.0 |   605
           D:2 |       0 |     145 |   0.0 |       0 |      28 |   0.0 |   469
           D:3 |       0 |     196 |   0.0 |       0 |      13 |   0.0 |   926
           D:4 |       0 |     865 |   0.0 |       0 |      22 |   0.0 |  1061
           D:5 |       0 |     468 |   0.0 |       0 |      24 |   0.0 |  1109
           D:6 |       0 |     862 |   0.0 |       0 |      17 |   0.0 |   860
           D:7 |       0 |    2993 |   0.0 |       0 |      24 |   0.0 |   848
           D:8 |       0 |    1255 |   0.0 |       0 |      17 |   0.0 |   628
           D:9 |       0 |    3292 |   0.0 |       0 |      49 |   0.0 |   943
          D:10 |       0 |    4425 |   0.0 |       0 |      55 |   0.0 |  1099
         Orc:1 |       0 |    2389 |   0.0 |       0 |      36 |   0.0 |   489
         Orc:2 |       0 |     619 |   0.0 |       0 |       9 |   0.0 |    67
           Lab |       0 |     107 |   0.0 |       0 |       2 |   0.0 |  1087
               +---------+---------+-------+---------+---------+-------+---------
